 Dungeon Crawl Stone Soup version 0.25-a0-443-gece2dee8bd (webtiles) character file.

Game seed: 4967347184348955457, levelgen mode: deterministic

709 BeastOfSaturn the Cutter (level 7, -4/52 HPs)
             Began as a Demonspawn Warper on Jan 30, 2020.
             Was an Initiate of Dithmenos.
             Killed by nerve-wracking pain
             ... invoked by Grinder
              (10 damage)
             ... on level 4 of the Dungeon.
             The game lasted 00:20:54 (6782 turns).

BeastOfSaturn the Cutter (Demonspawn Warper)        Turns: 6782, Time: 00:20:54

Health: -4/52      AC:  5    Str: 18    XL:     7   Next: 40%
Magic:  4/10       EV: 17    Int: 14    God:    Dithmenos [......]
Gold:   225        SH:  0    Dex: 14    Spells: 4/11 levels left

rFire    . . .     SeeInvis .   E - +1 rapier (speed)
rCold    . . .     Gourm    .   (no shield)
rNeg     . . .     Faith    .   b - +0 leather armour
rPois    .         Spirit   .   (helmet restricted)
rElec    .         Reflect  .   (no cloak)
rCorr    .         Harm     .   c - +1 pair of gloves
MR       .....                  (no boots)
Stlth    ++++......             (no amulet)
HPRegen  0.17/turn              i - +6 ring of strength
MPRegen  0.12/turn              o - +3 ring of evasion

@: no status effects
A: antennae 2, nightstalker 2
a: Renounce Religion


You were on level 4 of the Dungeon.
You worshipped Dithmenos.
Dithmenos was noncommittal.
You were not hungry.

You visited 2 branches of the dungeon, and saw 6 of its levels.
You also visited: Sewer.

You collected 225 gold pieces.

Inventory:

Hand Weapons
 a - a +1 short sword
 E - a +1 rapier of speed (weapon)
Missiles
 e - 5 boomerangs of dispersal (quivered)
 h - 81 sling bullets
Armour
 b - a +0 leather armour (worn)
 c - a +1 pair of gloves (worn)
 C - a +0 hat
 D - a +0 cloak
Jewellery
 i - a +6 ring of strength (left hand)
 o - a +3 ring of evasion (right hand)
 p - an uncursed ring of resist corrosion
 s - an uncursed ring of see invisible
 y - a +2 ring of evasion
 B - an uncursed amulet of faith
Wands
 t - a wand of paralysis (9)
 w - a wand of disintegration (13)
 z - a wand of polymorph (6)
Scrolls
 d - a scroll of blinking
 l - 3 scrolls of enchant armour
 n - 4 scrolls of fear
 q - 6 scrolls of remove curse
 A - a scroll of teleportation {unknown}
Potions
 g - 3 potions of curing {unknown}
 j - 4 potions of brilliance {unknown}
 k - a potion of lignification {unknown}
 m - a potion of agility {unknown}
 r - 3 potions of heal wounds {unknown}
 v - a potion of might {unknown}
 x - 3 potions of mutation {unknown}
Comestibles
 f - 3 rations


   Skills:
 + Level 3.2 Fighting
 + Level 4.2 Short Blades
 - Level 0.8 Throwing
 - Level 2.2 Armour
 * Level 4.1 Dodging
 * Level 2.8 Stealth
 + Level 2.5 Spellcasting
 + Level 0.8 Charms
 + Level 3.1 Translocations


You had 4 spell levels left.
You knew the following spells:

 Your Spells              Type           Power        Failure   Level  Hunger
a - Blink                 Tloc           N/A          11%         2    ###....
b - Shroud of Golubria    Chrm/Tloc      #.....       19%         2    ###....
c - Teleport Other        Tloc           ##......     22%         3    ###....

Your spell library contained the following spells:

 Spells                   Type           Power        Failure   Level  Hunger
 Gell's Gravitas          Tloc           ##........   22%         3    ###....
 Lesser Beckoning         Tloc           ##........   22%         3    ###....
 Passage of Golubria      Tloc           N/A          58%         4    #####..


Dungeon Overview and Level Annotations

Branches:
Dungeon (5/15)             Temple (1/1) D:5           Sewer (visited)

Altars:
Ashenzari
Dithmenos
Elyvilon
Gozag
Hepliaklqana
Kikubaaqudgha
Makhleb
Qazlal
Ru
Uskayaw
Wu Jian
Xom
Yredelemnul
Zin

Shops:
D:4 *

Annotations:
D:4 Grinder


Innate Abilities, Weirdness & Mutations

You have a pair of antennae on your head.
You are significantly more attuned to the shadows.


Message History

Grinder is severely wounded.
Casting: Shroud of Golubria (safe; 19% risk of failure)
Confirm with . or Enter, or press ? or * to list all spells.
You blink.
Your shroud unravels.
Casting: Blink (safe; 11% risk of failure)
Confirm with . or Enter, or press ? or * to list all spells.
You blink.
Grinder grins, showing sharp teeth.
Grinder hits you.
* * * LOW HITPOINT WARNING * * *
You writhe in agony.
* * * LOW HITPOINT WARNING * * *
Casting: Blink (safe; 11% risk of failure)
Confirm with . or Enter, or press ? or * to list all spells.
You blink.
Grinder blinks!
Grinder blinks!
Grinder gestures at you. Pain shoots through your body!
You die...

#............####.##.#
#.###.......## #....# #
#.#...#.# ###### .$.#...#.#
#########5# #######.##
#........# #†#####..#
#.##....@# #.##.##..#
########### #########'###.#
#.....(...# #.....#.....#.#
#.#######.# #.#####.♣.♣.#.##
#.# #.# #.#
#..∩..#..####.##### #.#
#.#####.♣.♣.#...........###.#
#>...##.....#######.........#
####.####'#### ###...#.#.#


You could see Grinder.

Vanquished Creatures
  An ice beast (D:5)
  A crocodile (Sewer)
  A scorpion (D:4)
  A centaur zombie (D:5)
  A jelly (D:5)
  2 hounds
  4 iguanas
  A centaur skeleton (D:5)
  2 worker ants
  Robin (D:3)
  A howler monkey skeleton (D:5)
  2 adders
  2 shadow imps (D:5)
  3 oozes
  5 worms
  A dart slug (D:3)
  7 leopard geckos
  2 orcs
  10 giant cockroaches
  7 goblins
  11 hobgoblins
  10 jackals
  13 kobolds
  4 quokkas
  2 ball pythons
  10 bats
  4 frilled lizards
  8 rats
117 creatures vanquished.

Notes
Turn   | Place    | Note
-------+----------+-------------------------------------------
     0 | D:1      | BeastOfSaturn the Demonspawn Warper began the quest for the
                  | Orb.
     0 | D:1      | Reached XP level 1. HP: 16/16 MP: 3/3
   174 | D:1      | Reached skill level 1 in Armour
   174 | D:1      | Gained mutation: You have a pair of small antennae on your
                  | head. [demonic ancestry]
   174 | D:1      | Reached XP level 2. HP: 21/22 MP: 5/5
   679 | D:1      | Learned a level 2 spell: Blink
   682 | D:1      | Learned a level 2 spell: Shroud of Golubria
   713 | D:1      | Reached XP level 3. HP: 27/27 MP: 3/6
  2065 | D:2      | Reached XP level 4. HP: 32/33 MP: 5/7
  2159 | D:2      | Learned a level 3 spell: Teleport Other
  2288 | D:3      | Found a glowing silver altar of Zin.
  3163 | D:3      | Noticed Robin
  3183 | D:3      | Killed Robin
  3586 | D:4      | Found Herides's General Store.
  3745 | D:4      | HP: 1/34 [iguana (11)]
  3746 | D:4      | Gained mutation: You are slightly more attuned to the
                  | shadows. [demonic ancestry]
  3746 | D:4      | Reached XP level 5. HP: 2/39 MP: 3/8
  4065 | D:4      | Found a glowing drain.
  4081 | Sewer    | Entered a sewer
  4138 | Sewer    | Noticed a crocodile
  4149 | Sewer    | Killed a crocodile
  4149 | Sewer    | Reached skill level 1 in Stealth
  4310 | D:4      | Gained mutation: You are significantly more attuned to the
                  | shadows. [demonic ancestry]
  4310 | D:4      | Reached XP level 6. HP: 28/46 MP: 6/9
  5404 | D:4      | Noticed Grinder
  5440 | D:5      | Entered Level 5 of the Dungeon
  5981 | D:5      | Noticed an ice beast
  6055 | D:5      | Gained mutation: You have a pair of antennae on your head.
                  | [demonic ancestry]
  6055 | D:5      | Reached XP level 7. HP: 48/51 MP: 10/10
  6301 | D:5      | Found a staircase to the Ecumenical Temple.
  6308 | Temple   | Entered the Ecumenical Temple
  6315 | Temple   | Became a worshipper of Dithmenos the Shadowed
  6782 | D:4      | Killed from afar by Grinder

Levels and vault maps discovered:
D:1:      dpeg_arrival_rooms_a, layout_loops_cross
D:2:      layout_basic, first_ration, minmay_misc_feat_secret_circle,
          palyth_stone_intersect, minmay_misc_feat_rows, amethyst_killhole
D:3:      minmay_wonky_spiral, layout_loops_ring, old_standard_altar, uniq_robin
D:4:      layout_loops_corners, gup_sewer_entry_pipe, serial_shops,
          kennysheep_little_box, uniq_grinder
D:5:      layout_rooms, minmay_temple_entry_nine_rooms
Temple:   nicolae_temple_no_exploring_needed

Skill      XL: |  1  2  3  4  5  6  7 |
---------------+----------------------+-----
Dodging        | 2 3 4 |  4.1
Armour         | 1 2 |  2.2
Short Blades   | 2 3 4 |  4.2
Translocations | 3 |  3.1
Stealth        | 1 2 |  2.8
Fighting       | 3 |  3.2
Throwing       | |  0.8
Spellcasting   | |  2.5
Charms         | |  0.8

Action                   |  1- 3 |  4- 6 |  7- 9 || total
-------------------------+-------+-------+-------++-------
Melee: Short sword       |   187 |   333 |    40 ||   560
       Rapier            |       |       |    46 ||    46
 Cast: Shroud of Golubri |     9 |     9 |     2 ||    20
       Teleport Other    |       |     1 |       ||     1
       Blink             |       |     3 |     3 ||     6
Evoke: Wand              |       |     1 |       ||     1
  Use: Scroll            |       |     7 |     1 ||     8
 Stab: Sleeping          |     3 |     9 |     2 ||    14
       Paralysed         |       |     6 |       ||     6
  Eat: Ration            |     1 |     5 |       ||     6
       Chunk             |     1 |       |       ||     1
Armor: Leather armour    |    55 |    68 |     9 ||   132
Dodge: Dodged            |   102 |   222 |    48 ||   372

Table legend:
 A = Non-vault XP
 B = Vault XP
 C = Vault XP percentage of total XP
 D = Non-vault monster count
 E = Vault monster count
 F = Vault count percentage of total count
                 A         B        C        D         E       F
            +---------+---------+-------+---------+---------+-------
      Total |     846 |     168 |  16.6 |      94 |      23 |  19.7
            +---------+---------+-------+---------+---------+-------
        D:1 |      52 |       0 |   0.0 |      24 |       0 |   0.0
        D:2 |      60 |       0 |   0.0 |      21 |       0 |   0.0
        D:3 |      44 |      32 |  42.1 |      23 |       9 |  28.1
        D:4 |     241 |      20 |   7.7 |      12 |       8 |  40.0
        D:5 |     449 |       0 |   0.0 |      14 |       0 |   0.0
      Sewer |       0 |     116 | 100.0 |       0 |       6 | 100.0
            +---------+---------+-------+---------+---------+-------
